 Dungeon Crawl Stone Soup version 0.26-a0-1222-g14533b3512 (webtiles) character file.

Game seed: 4030583028765154604

27 boo the Insei (level 2, -1/24 HPs)
             Began as a Demonspawn Monk on Dec 31, 2020.
             Slain by a worm (3 damage)
             ... on level 2 of the Dungeon.
             The game lasted 00:01:50 (1272 turns).

boo the Insei (Demonspawn Monk)                     Turns: 1272, Time: 00:01:50

Health: -1/24      AC:  6    Str: 11    XL:     2   Next: 93%
Magic:  2/2        EV: 11    Int: 11    God:
Gold:   55         SH:  0    Dex: 15    Spells: 1/1 levels left

rFire    . . .     SeeInvis .     - Unarmed
rCold    . . .     Faith    .   (no shield)
rNeg     . . .     Spirit   .   g - +0 ring mail (curse)
rPois    .         Reflect  .   (no helmet)
rElec    .         Harm     .   (no cloak)
rCorr    .         Rampage  .   m - +0 pair of gloves
Will     .....     Rnd*Tele +   (no boots)
Stlth    +.........             l - amulet of regeneration
HPRegen  0.48/turn              k - ring of teleportation (curse)
MPRegen  0.08/turn              (no ring)

@: lethally poisoned (-1 -> -1)
A: talons 1
a: no special abilities


You were on level 2 of the Dungeon.
You visited 1 branch of the dungeon, and saw 2 of its levels.

You collected 55 gold pieces.

Inventory:

Armour
 a - a +0 robe
 g - a cursed +0 ring mail (worn)
 m - a +0 pair of gloves (worn)
Jewellery
 h - a cursed amulet of inaccuracy {unknown}
 k - a cursed ring of teleportation (left hand)
 l - an amulet of regeneration (around neck)
Scrolls
 b - a scroll of blinking
 c - 2 scrolls of enchant weapon
 e - a scroll of remove curse {unknown}
 f - a scroll of teleportation {unknown}
 i - a scroll of fear {unknown}
 j - a scroll of fog {unknown}
Potions
 d - a potion of invisibility
 n - a potion of cancellation {unknown}
 o - 2 potions of curing {unknown}


   Skills:
 + Level 3.2 Fighting
 + Level 3.0 Dodging
 - Level 1.7 Stealth
 * Level 3.3 Unarmed Combat


You had one spell level left.
You didn't know any spells.
Your spell library was empty.

Dungeon Overview and Level Annotations

Branches:
Dungeon (2/15)

Altars:


Innate Abilities, Weirdness & Mutations

You have sharp toenails.


Message History

You barely miss the adder. You punch the adder, but do no damage.
The adder bites you.
You are poisoned.
The adder poisons you! The worm bites you!
You barely miss the adder. You claw the adder.
The adder is moderately wounded.
You feel sick. The kobold hits you.
* * * LOW HITPOINT WARNING * * *
The adder bites you.
* * * LOW HITPOINT WARNING * * *
You hit the adder but do no damage. You claw the adder.
The adder is severely wounded.
The adder closely misses you. The kobold closely misses you.
The worm bites you.
* * * LOW HITPOINT WARNING * * *
The adder misses you.
You hit the adder.
You kill the adder!
You feel sick. The kobold closely misses you. The worm bites you.
You die...

.. #...
...##########
#...
..........J@#
#...
..........wK#
#...
##.........S#
#...
#..........#
#...
#.....######
#... #.....
#... #..!..
#... #.....
###' #.....
#.


You could see a worm, an ooze, a ball python and a kobold.

Vanquished Creatures
  An adder (D:2)
  A dart slug (D:1)
  2 leopard geckos (D:1)
  2 giant cockroaches (D:1)
  3 goblins (D:1)
  3 hobgoblins
  A ball python (D:1)
  5 bats (D:1)
  A frilled lizard (D:1)
  2 kobolds (D:1)
  2 rats (D:1)
23 creatures vanquished.

Notes
Turn   | Place    | Note
-------+----------+-------------------------------------------
     0 | D:1      | boo the Demonspawn Monk began the quest for the Orb.
     0 | D:1      | Reached XP level 1. HP: 18/18 MP: 1/1
   383 | D:1      | Gained mutation: You have sharp toenails. [demonic
                  | ancestry]
   383 | D:1      | Reached XP level 2. HP: 6/24 MP: 2/2
  1272 | D:2      | Slain by a worm

Illustrated notes

Levels and vault maps discovered:
D:1:      amcnicky_arrival_double_pillar, layout_loops_ring, minmay_unequal
D:2:      layout_basic

Skill      XL: |  1  2 |
---------------+-------+-----
Unarmed Combat | 3 |  3.3
Dodging        | 3 |  3.0
Fighting       | |  3.2
Stealth        | |  1.7

Action                   || total
-------------------------++-------
Melee: Unarmed           ||    87
       Kick              ||    13
       Punch             ||     3
  Use: Scroll            ||     3
 Stab: Sleeping          ||     2
Armor: Robe              ||     2
       Ring mail         ||    21
Dodge: Dodged            ||    69

Table legend: (Time is in decaauts)
 A = Elapsed time spent in this place.
 B = Non-inter-level travel time spent in this place.
 C = Inter-level travel time spent in this place.
 D = Time resting spent in this place.
 E = Time spent auto-exploring this place.
 F = Levels seen in this place.
 G = Mean time per level.
                   A        B        C        D        E       F      G
               +--------+--------+--------+--------+--------+-----+--------+
         Total |   1266 |   1257 |      9 |    412 |    644 |   2 |  633.0 |
       Dungeon |   1266 |   1257 |      9 |    412 |    644 |   2 |  633.0 |
               +--------+--------+--------+--------+--------+-----+--------+

Top non-repeatable levels by time:
     D:1: 1193 daAuts
     D:2: 73 daAuts
